Map: Orbital Shipyard

Players

MagicMarine - Winner!

  • Race: Terran Terran
  • League: Platinum

Zarmoxis

  • Race: Terran Terran
  • League: Platinum

VOD

Have the link to the VOD?

Description

Time

  • Played on: Aug. 23, 2015, 6:02 a.m.
  • Length: 5:56
Show
View Real Time Build Order
Export as new Build Order

MagicMarine Terran - Winner!

Build Orders:  

Get SALT Encoding   

  12  0:01  SCV  
  13  0:13  SCV  
  14  0:17  Supply Depot  
  14  0:25  SCV  
  14  0:28  Refinery  
  15  0:44  Barracks  
  15  0:45  SCV  
  16  1:02  SCV  
  16  1:04  Barracks  
  17  1:14  SCV  
  18  1:28  Supply Depot  
  18  1:31  SCV  
  19  1:33  Reaper  
  20  1:43  SCV  
  21  1:54  Reaper  
  21  1:56  SCV  
  23  2:05  Reaper  
  24  2:09  Command Center  
  24  2:13  SCV  
  25  2:24  Supply Depot  
  25  2:25  SCV  
  25  2:26  Reaper  
  27  2:41  Reaper  
  27  2:42  SCV  
  29  2:44  Refinery  
  28  3:21  SCV  
  28  3:22  Engineering Bay  
  28  3:24  Factory  
  29  3:37  SCV  
  29  3:39  Marine x2  
  33  3:41  SCV  
  33  3:49  SCV  
  33  3:50  Missile Turret x2  
  33  3:53  SCV  
  35  3:56  Missile Turret  
  35  3:57  Missile Turret  
  35  3:58  Missile Turret  
  35  4:00  Marine x2  
  35  4:01  SCV  
  38  4:05  SCV  
  39  4:14  SCV  
  40  4:24  Marine x2  
  42  4:36  Starport  
  40  4:39  SCV x2  
  40  4:42  Marine  
  40  4:43  Barracks Tech Lab  
  42  4:51  SCV x2, Factory Reactor  
  44  5:03  SCV x2  
  46  5:15  SCV x2  
  46  5:21  Marine x2  
  49  5:25  Barracks  
  49  5:27  SCV x2, Barracks  
  50  5:39  SCV x2  
  52  5:45  Missile Turret  
Show
View Real Time Build Order
Export as new Build Order

Zarmoxis Terran 

Build Orders: 1/1/1 

Get SALT Encoding   

  12  0:01  SCV  
  13  0:13  SCV  
  14  0:18  Supply Depot  
  14  0:25  SCV  
  14  0:28  Refinery  
  15  0:40  SCV  
  16  0:45  Barracks  
  16  0:52  SCV  
  17  1:04  SCV  
  18  1:16  SCV  
  19  1:33  Marine  
  19  1:35  SCV, Factory  
  21  1:43  Supply Depot  
  21  1:47  SCV, Refinery  
  22  1:56  Marine  
  23  2:05  SCV  
  24  2:12  Command Center  
  24  2:24  Starport  
  24  2:26  SCV  
  25  2:30  Factory Tech Lab  
  25  2:40  Marine  
  26  2:49  Engineering Bay  
  26  2:58  Hellion  
  25  3:11  Marine  
  23  3:47  Banshee  
  26  3:54  Hellion  
  28  4:02  Planetary Fortress  
  7  4:36  Banshee  
  8  4:54  SCV  
  9  5:12  SCV  
  9  5:43  SCV  
Tags
 
Add a new tag
Caveats
  • Supply blocks, unpowered buildings, or Contaminate may cause inaccurate times.
  • Supply counts are checked every 10 seconds.